 Dungeon Crawl Stone Soup version 0.30-a0-4-ga7cffc901d (webtiles) character file.

Game seed: 5772968017457603852

462 Setbun the Cutter (level 6, 0/33 HPs)
             Began as a Spriggan Berserker on Aug 20, 2022.
             Was a Believer of Trog.
             Killed from afar by Underfrisk's ghost (2 damage)
             ... with a sting
             ... on level 4 of the Dungeon.
             The game lasted 00:07:09 (6226 turns).

Setbun the Cutter (Spriggan Berserker)              Turns: 6226, Time: 00:07:10

Health: 0/33       AC:  2    Str: 13    XL:     6   Next: 79%
Magic:  7/7        EV: 20    Int:  8    God:    Trog [**....]
Gold:   143        SH:  0    Dex: 17    Spells: 5/5 levels left

rFire   . . .      SeeInvis +    l - +1 dagger (drain)
rCold   + . .      Faith    .    (no shield)
rNeg    . . .      Spirit   .    b - +0 animal skin
rPois   .          Reflect  .    (helmet restricted)
rElec   .          Harm     .    (no cloak)
rCorr   .          Rampage  .    (gloves unavailable)
Will    +++..                    (boots unavailable)
Stlth   +++.......               (no amulet)
HPRegen 1.11/turn                g - ring of protection from cold
MPRegen 0.10/turn                (no ring)

@: lethally poisoned (0 -> -1), strong-willed (expiring), on berserk cooldown,
regenerating (expiring), slowed, quick
A: very small, no large weapons, unfitting armour, see invisible, speed 3
a: Renounce Religion, Berserk, Trog's Hand


You were on level 4 of the Dungeon.
You worshipped Trog.
Trog was pleased with you.
You visited 1 branch of the dungeon, and saw 4 of its levels.

You collected 143 gold pieces.

Inventory:

Hand Weapons
 a - a +0 short sword
 k - a +1 short sword of flaming
 l - a +1 dagger of draining (weapon)
Armour
 b - a +0 animal skin (worn)
Jewellery
 g - a ring of protection from cold (left hand)
Scrolls
 d - 10 scrolls of identify {unknown}
 e - a scroll of teleportation {unknown}
 f - 3 scrolls of fear {unknown}
 i - a scroll of poison {unknown}
 m - a scroll of enchant weapon {unknown}
 o - a scroll of amnesia {unknown}
 p - a scroll of vulnerability {unknown}
Potions
 c - a potion of mutation {unknown}
 h - a potion of heal wounds {unknown}
 j - 2 potions of attraction {unknown}
 n - a potion of haste {unknown}
 q - a potion of cancellation {unknown}


   Skills:
 + Level 3.6 Fighting
 * Level 5.8 Short Blades
 + Level 5.8 Dodging
 + Level 4.6 Stealth


You had 5 spell levels left.
You didn't know any spells.
Your spell library was empty.

Dungeon Overview and Level Annotations

Branches:
Dungeon (4/15)
 Temple: D:4-7

Altars:
Cheibriados
Dithmenos
Nemelex Xobeh

Shops:
D:3 [

Annotations:
D:3 3 runed translucent doors, Newt's ghost, amateur DsMo
D:4 Underfrisk's ghost, amateur NaVM


Innate Abilities, Weirdness & Mutations

You are very small and have problems with some larger weapons.
You are too small for most types of armour.
You have supernaturally acute eyesight. (SInv)
You cover ground extremely quickly. (Speed+++)


Message History

You are poisoned.
The water moccasin zombie completely misses you.
The bullfrog skeleton hits you.
You barely miss Underfrisk's ghost.
Underfrisk's ghost is severely damaged.
You feel sick.
The water moccasin zombie completely misses you.
Underfrisk's ghost points at you and mumbles some strange words.
The sting misses you. The bullfrog skeleton hits you.
The water moccasin zombie misses you.
You hit Underfrisk's ghost.
Underfrisk's ghost is severely damaged.
You feel sick. Underfrisk's ghost misses you. The bullfrog skeleton misses you.
The water moccasin zombie barely misses you.
Underfrisk's ghost misses you. The bullfrog skeleton misses you.
You closely miss Underfrisk's ghost.
Underfrisk's ghost is severely damaged.
You feel sick.
You are no longer poisoned.
The water moccasin zombie barely misses you.
The bullfrog skeleton misses you.
Underfrisk's ghost gestures at you while chanting.
The sting hits you.
You are poisoned.
You hit Underfrisk's ghost but do no damage.
Underfrisk's ghost is severely damaged.
You feel the effects of Trog's Hand fading.
You feel sick. The water moccasin zombie bites you!
* * * LOW HITPOINT WARNING * * *
The bullfrog skeleton barely misses you.
Underfrisk's ghost barely misses you.
You hit Underfrisk's ghost but do no damage.
Underfrisk's ghost is severely damaged.
You feel sick. The water moccasin zombie bites you.
* * * LOW HITPOINT WARNING * * *
The bullfrog skeleton closely misses you.
Underfrisk's ghost points at you and mumbles some strange words.
The sting hits you.
You are more poisoned.
You die...

####### #.....###
##########.#.....#
#.....(..........##
#.........###'@'###
#...[.....#..ZWZ..#
#######
#.........##..[..##
#......
#.........#.......#
#......
#.........##..[$.##
###......
#(.......##..#.#..#
#........
#.........#########
#.#......
#####.###..#####..#
#.#......
....#.............#
##........


You could see Underfrisk's ghost, a water moccasin zombie and a bullfrog
skeleton.

Vanquished Creatures
  A scorpion (D:4)
  A howler monkey (D:4)
  2 hounds
  An orc priest (D:4)
  An orc wizard (D:4)
  Natasha (thrice) (D:2)
  Robin (D:2)
  6 adders
  A shadow imp (D:4)
  2 dart slugs
  9 orcs
  2 bats (D:1)
  7 endoplasms
  5 giant cockroaches
  18 goblins
  10 hobgoblins
  3 jackals (D:4)
  2 quokkas
  4 ball pythons (D:4)
  3 frilled lizards
  5 kobolds
  8 rats
95 creatures vanquished.

Notes
Turn   | Place    | Note
-------+----------+-------------------------------------------
     0 | D:1      | Setbun the Spriggan Berserker began the quest for the Orb.
     0 | D:1      | Reached XP level 1. HP: 11/11 MP: 2/2
   287 | D:1      | Reached skill level 1 in Stealth
   463 | D:1      | Reached XP level 2. HP: 7/16 MP: 3/3
   652 | D:1      | You fall into a shaft and drop 1 floor!
  1116 | D:1      | Found a faded altar of an unknown god.
  1663 | D:2      | Reached XP level 3. HP: 13/19 MP: 4/4
  1982 | D:2      | Noticed Natasha
  1990 | D:2      | Killed Natasha
  2355 | D:2      | Reached XP level 4. HP: 11/23 MP: 5/5
  2622 | D:2      | Noticed Robin
  2629 | D:2      | Killed Robin
  3234 | D:2      | Reached ** piety under Trog
  3812 | D:2      | Noticed Natasha
  3825 | D:2      | Killed Natasha
  3826 | D:2      | Reached XP level 5. HP: 27/28 MP: 6/6
  3872 | D:2      | Noticed Natasha
  3888 | D:2      | Killed Natasha
  3889 | D:2      | Reached skill level 5 in Dodging
  4261 | D:2      | Reached skill level 5 in Short Blades
  4485 | D:3      | Found Vyfued Zypp's Antique Armour Shoppe.
  4618 | D:3      | Found a runed translucent gate.
  4618 | D:3      | Found a runed translucent gate.
  4618 | D:3      | Found a runed translucent gate.
  4619 | D:3      | Noticed Newt's ghost (amateur DsMo)
  4917 | D:3      | Found a sparkling altar of Nemelex Xobeh.
  4917 | D:3      | Found a snail-covered altar of Cheibriados.
  5029 | D:4      | Reached XP level 6. HP: 22/32 MP: 7/7
  5374 | D:4      | Identified the +1 quarterstaff of Pride {protect, rF++
                  | Dex-2}
  5612 | D:4      | Found a shadowy altar of Dithmenos.
  6089 | D:4      | Found a runed translucent gate.
  6089 | D:4      | Found a runed translucent gate.
  6089 | D:4      | Found a runed translucent gate.
  6092 | D:4      | Noticed Underfrisk's ghost (amateur NaVM)
  6226 | D:4      | Killed from afar by Underfrisk's ghost

Illustrated notes

Levels and vault maps discovered:
D:1:      dpeg_arrival_windows_large_door, layout_basic, basic_ecumenical_altar,
          minmay_misc_feat_chi
D:2:      layout_basic, uniq_robin, uniq_natasha
D:3:      layout_rooms, gammafunk_temple_overflow_pools, serial_shops,
          nicolae_square_shop, gammafunk_ghost_nasty_kobolds
D:4:      layout_rooms, mainiacjoe_overflow_alcove_4, gammafunk_ghost_necromancy

Skill      XL: |  1  2  3  4  5 |
---------------+----------------+-----
Stealth        | 1 2 3 4 |  4.6
Short Blades   | 4 5 |  5.8
Fighting       | 3 |  3.6
Dodging        | 5 |  5.8

Action                   |  1- 3 |  4- 6 || total
-------------------------+-------+-------++-------
Melee: Short sword       |    98 |   100 ||   198
       Punch             |     1 |     1 ||     2
       Dagger            |       |   211 ||   211
Invok: Berserk           |     3 |     5 ||     8
       Trog's Hand       |       |     1 ||     1
 Stab: Sleeping          |     1 |     5 ||     6
       Distracted        |       |     1 ||     1
Armor: Animal skin       |    10 |    20 ||    30
Dodge: Dodged            |    70 |   254 ||   324

Table legend: (Time is in decaauts)
 A = Elapsed time spent in this place.
 B = Non-inter-level travel time spent in this place.
 C = Inter-level travel time spent in this place.
 D = Time resting spent in this place.
 E = Time spent auto-exploring this place.
 F = Levels seen in this place.
 G = Mean time per level.
                   A        B        C        D        E       F      G
               +--------+--------+--------+--------+--------+-----+--------+
         Total |   5171 |   5025 |    146 |   2110 |   2252 |   4 | 1292.8 |
       Dungeon |   5171 |   5025 |    146 |   2110 |   2252 |   4 | 1292.8 |
               +--------+--------+--------+--------+--------+-----+--------+

Top non-repeatable levels by time:
     D:2: 2367 daAuts
     D:1: 1427 daAuts
     D:4: 1051 daAuts
     D:3: 324 daAuts
